 Dungeon Crawl Stone Soup version 0.31-a0-105-gc0b45f0da6 (webtiles) character file.

Game seed: 956874561202689605

15 Colgate the Grave Robber (level 2, -2/20 HPs)
             Began as a Meteoran Necromancer on May 27, 2023.
             Killed from afar by a dart slug (5 damage)
             ... with a slug dart
             ... on level 2 of the Dungeon.
             The game lasted 00:01:49 (131 turns).

Colgate the Grave Robber (Meteoran Necromancer)      Turns: 131, Time: 00:01:50

Health: -2/20      AC:  2    Str:  9    XL:     2   Next: 88%
Magic:  4/7        EV: 12    Int: 16    God:
Gold:   12         SH:  0    Dex: 14    Spells: 7/8 levels left

rFire   . . .        d - +0 mace
rCold   . . .        (no shield)
rNeg    . . .        a - +0 robe
rPois   .            (no helmet)
rElec   .            (no cloak)
rCorr   .            (no gloves)
SInv    .            (no boots)
Will    .....        (no amulet)
Stlth   +            (no ring)
HPRegen 0.23/turn    (no ring)
MPRegen 0.10/turn

%: no passive effects
@: glowing
A: sense surroundings 1, otherworldly, glowing, explore regen
a: no special abilities


You were on level 2 of the Dungeon.
You visited 1 branch of the dungeon, and saw 2 of its levels.

You collected 12 gold pieces.

Inventory:

Hand Weapons
 c - a +0 whip
 d - a +0 mace (weapon)
Armour
 a - a +0 robe (worn)
Potions
 b - a potion of magic


   Skills:
 - Level 2.4 Dodging
 - Level 1.4 Stealth
 + Level 3.9 Spellcasting
 - Level 4.3 Necromancy


You had 7 spell levels left.
You knew the following spells:

 Your Spells              Type           Power      Damage    Failure   Level
a - Necrotise             Necr           68%        1d7       2%          1

Your spell library contained the following spells:

 Spells                   Type           Power      Damage    Failure   Level
 Vampiric Draining        Necr           17%        2d7       9%          3
 Freeze                   Ice            12%        1d3       17%         1
 Animate Dead             Necr           17%        N/A       28%         4
 Frozen Ramparts          Ice            6%         1d1       45%         3
 Hailstorm                Conj/Ice       1%         3d3       54%         3
 Agony                    Necr           17%        N/A       61%         5


Dungeon Overview and Level Annotations

Branches:
Dungeon (2/15) Zot: 1067

Altars:


Innate Abilities, Weirdness & Mutations

You passively map a small area around you.
You are easily found by Zot.
You glow in the dark.
You regain HP and MP as you explore.


Message History

Your mindless puppet stays behind to rot.
The dart slug launches a dart at you. The slug dart hits you.
The orc misses you.
An adder comes into view.
There is a stone staircase leading up here.
The orc closely misses you.
You climb upwards.
Your quokka skeleton crumbles into dust!
There is a stone staircase leading down here.
Aiming: Necrotise (safe; 2% risk of failure)
Aim: an orc, wielding a +0 mace and wearing a +0 leather armour (chance to affect: 87%)
The orc writhes in agony.
The orc closely misses you.
Aiming: Necrotise (safe; 2% risk of failure)
Aim: an orc, wielding a +0 mace and wearing a +0 leather armour (moderately wounded, chance to affect: 87%)
The orc writhes in agony.
The orc barely misses you.
Aiming: Necrotise (safe; 2% risk of failure)
Aim: an orc, wielding a +0 mace and wearing a +0 leather armour (severely wounded, chance to affect: 87%)
The orc writhes in agony!
You kill the orc!
Search for what [? for help]?
Okay, then.
Search for what [? for help]? weapon
Things that are here:
a +0 mace; a +0 leather armour
d - a +0 mace
d - a +0 mace (weapon)
There is a stone staircase leading down here.
You climb downwards.
Your mindless puppet stays behind to rot.
The orc shouts!
The orc priest mumbles some strange prayers to Beogh against you.
Beogh smites you!
Ouch! That really hurt!
* * * LOW HITPOINT WARNING * * *
The orc closely misses you. The dart slug launches a dart at you.
The slug dart hits you.
You die...

, * ,
.#..##* **
,.>.[. * , ,
###..#. ,
..... , ,
,....# * , ,
#...#
#.####.oS###
#rw...@....#
*
######...!.#
#.....#
##.o..# *
##.## , .o*
* .. #.# * ,


You could see an orc priest, an adder (wandering), a dart slug, 2 orcs and a
rat.

Vanquished Creatures
  An orc (D:1)
  2 endoplasms (D:1)
  A goblin (D:1)
  2 jackals (D:1)
  2 quokkas (D:1)
  A ball python (D:1)
  A frilled lizard (D:1)
  A kobold (D:1)
11 creatures vanquished.

Vanquished Creatures (collateral kills)
  A jackal (D:1)
1 creature vanquished.

Grand Total: 12 creatures vanquished

Notes
Turn   | Place    | Note
-------+----------+-------------------------------------------
     0 | D:1      | Colgate the Meteoran Necromancer began the quest for the
                  | Orb.
     0 | D:1      | Reached XP level 1. HP: 14/14 MP: 5/5
    45 | D:1      | Reached XP level 2. HP: 20/20 MP: 2/7
   131 | D:2      | Killed from afar by a dart slug

Illustrated notes

Levels and vault maps discovered:
D:1:      shiori_angband_town, layout_basic
D:2:      layout_basic

Skill      XL: |  1 |
---------------+----+-----
Spellcasting   | 3 |  3.9
Dodging        | |  2.4
Stealth        | |  1.4
Necromancy     | |  4.3

Action                     || total
---------------------------++-------
  Melee: Whip              ||     2
   Cast: Necrotise         ||    19
 Armour: Robe              ||     1
  Dodge: Dodged            ||     6

Table legend: (Time is in decaauts)
 A = Elapsed time spent in this place.
 B = Non-inter-level travel time spent in this place.
 C = Inter-level travel time spent in this place.
 D = Time resting spent in this place.
 E = Time spent auto-exploring this place.
 F = Levels seen in this place.
 G = Mean time per level.
                   A        B        C        D        E       F      G
               +--------+--------+--------+--------+--------+-----+--------+
         Total |    131 |    131 |      0 |      0 |      0 |   2 |   65.5 |
       Dungeon |    131 |    131 |      0 |      0 |      0 |   2 |   65.5 |
               +--------+--------+--------+--------+--------+-----+--------+

Top non-repeatable levels by time:
     D:1: 127 daAuts
     D:2: 4 daAuts
